 Dungeon Crawl Stone Soup version 0.31.0-1-g2c135a008e (webtiles) character file.

Game seed: 10394875656753312278

314 qw the Shooter (level 6, -3/51 HPs)
             Began as a Djinni Hunter on Jan 23, 2024.
             Slain by an ogre
             ... wielding a +0 giant club
              (16 damage)
             ... on level 4 of the Dungeon.
             The game lasted 00:00:13 (3027 turns).

qw the Shooter (Djinni Hunter)                      Turns: 3027, Time: 00:00:13

Health: -3/51      AC:  4    Str: 10    XL:     6   Next: 72%
Gold:   94         EV: 17    Int: 11    God:
                   SH:  0    Dex: 18

rFire   + + .        a - +1 shortbow
rCold   x . .        (shield currently unavailable)
rNeg    . . .        c - +0 leather armour
rPois   inf          (helmet restricted)
rElec   .            (no cloak)
rCorr   .            g - +0 pair of gloves
SInv    .            (boots unavailable)
Will    .....        i - amulet of faith
Stlth   ++           d - +5 ring of evasion
HPRegen 0.28/turn    (no ring)
MPRegen 0.00/turn

%: faith, infuse magic (-4 HP)
@: flying
A: sickness immunity, fire resistance 2, cold vulnerability 1, float, innate
caster, HP casting, extra vitality 1, antennae 1, robust 1, wild magic 1
a: no special abilities


You were on level 4 of the Dungeon.
You visited 2 branches of the dungeon, and saw 5 of its levels.

You collected 164 gold pieces.
You spent 70 gold pieces at shops.


Innate Abilities, Weirdness & Mutations

You are immune to sickness and miasma.
You are immune to poison.
Your flesh is very heat resistant. (rF++)
You are vulnerable to cold. (rC-)
You float through the air rather than walking.
You learn spells naturally, not from books.
Your magical power is your life essence.
You have superior vitality. (+4 MHP)
You have a pair of small antennae on your head.
You are robust. (+10% HP)
Your spells are a little harder to cast, but a little more powerful.


   Skills:
 - Level 4.0 Fighting
 + Level 5.0 Ranged Weapons
 - Level 1.4 Armour
 - Level 3.0 Dodging
 - Level 0.7 Stealth


You knew the following spells:

 Your Spells              Type           Power      Damage    Failure   Level
a - Sting                 Conj/Alch      0%         1d3       52%         1
b - Call Imp              Summ           0%         N/A       65%         2
Your spell library was empty.

Inventory:

Hand Weapons
 a - a +1 shortbow (weapon)
Armour
 c - a +0 leather armour (worn)
 g - a +0 pair of gloves (worn)
Jewellery
 d - a +5 ring of evasion (left hand)
 i - an amulet of faith (around neck)
Scrolls
 b - a scroll of torment {unknown}
 f - a scroll of identify
Potions
 e - a potion of curing
 h - a potion of haste

Dungeon Overview and Level Annotations

Branches:
Dungeon (4/15)             Temple (1/1) D:4

Altars:
Cheibriados
Dithmenos
Fedhas
Gozag
Makhleb
Nemelex Xobeh
Ru
Wu Jian
Yredelemnul
Zin
The Shining One

Shops:
D:4 *


Message History

Natasha growls in agony!
Your Fighting skill increases to level 4!
You see here the felid corpse of Natasha.
Found a stone staircase leading up.
Enter note: As you open the door, it creaks loudly!
An ogre comes into view. It is wielding a +0 giant club.
You hear a bark!
The ogre moves out of view.
Enter note:
There is an open door here.
You shoot an arrow.
The arrow hits the ogre but does no damage.
A hound comes into view.
The hound moves out of view.
You shoot an arrow. The arrow hits the ogre.
The ogre is lightly wounded.
You shoot an arrow. The arrow hits the ogre.
The ogre is lightly wounded.
The ogre hits you with a +0 giant club!!
You shoot an arrow. The arrow hits the ogre!
The ogre is heavily wounded.
The ogre barely misses you.
You shoot an arrow.
The arrow hits the ogre but does no damage.
The ogre is heavily wounded.
The ogre closely misses you.
Enter note:
Enter note: You shoot an arrow.
The hound barks!
The arrow hits the ogre.
The ogre is heavily wounded.
The ogre hits you with a +0 giant club!
You shoot an arrow. The arrow hits the ogre.
The ogre is severely wounded.
You shoot an arrow. The arrow hits the ogre.
The ogre is almost dead.
The ogre hits you with a +0 giant club!
You die...

#...#.......#
#.....#...#.......#
#.....#...#.......#####
#.....#...'.......#....
#.....#..%#%......#....
#.....#...#.......'....
#.....#...#.......#....
#....O#...#.......#....
#.....@...#.......#....
#.....#...#.......#....
#.....#h..#.......#...#
.......#...#.......#....
.......#...#.......+...#
.......#...#.......#..##
.......#<..#.......#...#
.......#...#.......#....
+.......#....


You could see an ogre and a hound.

Vanquished Creatures
  3 hounds (D:4)
  Natasha (twice) (D:4)
  Robin (D:2)
  7 gnolls
  2 adders (D:2)
  A ribbon worm (D:2)
  An orc (D:2)
  6 ball pythons
  An endoplasm (D:1)
  4 giant cockroaches
  16 goblins
  8 hobgoblins
  2 jackals (D:1)
  3 kobolds
  5 quokkas
  8 bats
  A frilled lizard (D:1)
  3 rats
74 creatures vanquished.

Notes
Turn   | Place    | Note
-------+----------+-------------------------------------------
     0 | D:1      | qw the Djinni Hunter began the quest for the Orb.
     0 | D:1      | Reached XP level 1. HP: 18/18 MP: 0/0
     0 | D:1      | 0 ||| qw: Version: 0.3-a-134-g2ba4250
     0 | D:1      | 0 ||| qw: Game counter: 666
     0 | D:1      | 0 ||| qw: Melee chars always use a shield: true
     0 | D:1      | 0 ||| qw: God list: Okawaru
     0 | D:1      | 0 ||| qw: Allow faded altars: false
     0 | D:1      | 0 ||| qw: Do Orc after clearing Dungeon:15 true
     0 | D:1      | 0 ||| qw: Do second Lair branch before Depths: true
     0 | D:1      | 0 ||| qw: Lair rune preference: random
     0 | D:1      | 0 ||| qw: Goals: Normal
     0 | D:1      | 0 ||| PLANNING D:1-11
    74 | D:1      | Reached XP level 2. HP: 23/23 MP: 0/0
   400 | D:1      | Reached skill level 4 in Ranged Weapons
   400 | D:1      | Reached XP level 3. HP: 28/28 MP: 0/0
   400 | D:1      | Learned a level 1 spell: Sting
   600 | D:1      | Found a faded altar of an unknown god.
   778 | D:1      | 778 ||| READING scroll labelled DYCLOU ICVEIXA.
   783 | D:1      | 783 ||| READING scroll labelled YLOPHI LOTSIMENOH.
   783 | D:1      | 783 ||| IDENTIFYING cyan potion
   784 | D:1      | 784 ||| READING 2 scrolls labelled ACWUSIDD FALAO.
   885 | D:1      | 885 ||| READING scroll labelled MYLUBRACA.
   886 | D:1      | 886 ||| DRINKING 3 smoky purple potions.
   886 | D:1      | Gained mutation: Your flesh is almost immune to the effects
                  | of heat. (rF+++) [potion of mutation]
   886 | D:1      | Gained mutation: You are somewhat resistant to further
                  | mutation. [potion of mutation]
   887 | D:1      | 887 ||| DRINKING 2 potions of mutation.
   887 | D:1      | Lost mutation: Your flesh is almost immune to the effects
                  | of heat. (rF+++) [potion of mutation]
   887 | D:1      | Lost mutation: You are somewhat resistant to further
                  | mutation. [potion of mutation]
   887 | D:1      | Gained mutation: You are agile. (Dex +4, Str/Int -1)
                  | [potion of mutation]
   887 | D:1      | Gained mutation: You occasionally lose the ability to read
                  | scrolls when taking damage. [potion of mutation]
   887 | D:1      | Gained mutation: Your movements are slightly less
                  | encumbered by armour. (ER -2) [potion of mutation]
   888 | D:1      | 888 ||| DRINKING potion of mutation.
   888 | D:1      | Lost mutation: You are agile. (Dex +4, Str/Int -1) [potion
                  | of mutation]
   888 | D:1      | Lost mutation: You occasionally lose the ability to read
                  | scrolls when taking damage. [potion of mutation]
   888 | D:1      | Lost mutation: Your movements are slightly less encumbered
                  | by armour. (ER -2) [potion of mutation]
   888 | D:1      | Gained mutation: Your spells are a little harder to cast,
                  | but a little more powerful. [potion of mutation]
   888 | D:1      | Gained mutation: You have a pair of small antennae on your
                  | head. [potion of mutation]
   888 | D:1      | Gained mutation: You are robust. (+10% HP) [potion of
                  | mutation]
   896 | D:1      | 896 ||| DROPPING scroll of butterflies.
   897 | D:1      | 897 ||| DROPPING scroll of vulnerability.
   929 | D:2      | Reached XP level 4. HP: 34/37 MP: 0/0
   930 | D:2      | 930 ||| FLEEEEING.
   931 | D:2      | 931 ||| FLEEEEING.
   932 | D:2      | 932 ||| FLEEEEING.
   936 | D:2      | Reached skill level 3 in Fighting
   947 | D:2      | Noticed Robin
   954 | D:2      | Killed Robin
   955 | D:2      | 955 ||| FLEEEEING.
   956 | D:2      | 956 ||| FLEEEEING.
   957 | D:2      | 957 ||| FLEEEEING.
   958 | D:2      | 958 ||| FLEEEEING.
   959 | D:2      | 959 ||| FLEEEEING.
   960 | D:2      | 960 ||| FLEEEEING.
   970 | D:2      | Reached skill level 3 in Dodging
  1065 | D:2      | 1065 ||| FLEEEEING.
  1066 | D:2      | 1066 ||| FLEEEEING.
  1067 | D:2      | 1067 ||| FLEEEEING.
  1270 | D:2      | Reached XP level 5. HP: 44/44 MP: 0/0
  1270 | D:2      | Learned a level 2 spell: Call Imp
  1274 | D:2      | Found a blossoming altar of Fedhas.
  1855 | D:2      | 1855 ||| UPGRADING to +5 ring of evasion.
  1856 | D:2      | 1856 ||| READING 3 scrolls of identify.
  1856 | D:2      | 1856 ||| IDENTIFYING scroll labelled BOCVUBR VAFEUXADOX
  1857 | D:2      | 1857 ||| DROPPING scroll of poison.
  2441 | D:3      | 2441 ||| UPGRADING to +0 pair of gloves.
  2446 | D:3      | 2446 ||| UPGRADING to amulet of faith.
  2451 | D:3      | 2451 ||| READING 2 scrolls of identify.
  2451 | D:3      | 2451 ||| IDENTIFYING lumpy cyan potion
  2458 | D:4      | Found Ekhlemo's General Store.
  2464 | D:4      | 2464 ||| BUYING potion of heal wounds (70 gold).
  2464 | D:4      | Bought a potion of heal wounds for 70 gold pieces
  2464 | D:4      | 2464 ||| SHOPLISTING potion of resistance (140 gold, have
                  | 74).
  2464 | D:4      | 2464 ||| SHOPLISTING scroll of enchant weapon (105 gold,
                  | have 74).
  2464 | D:4      | 2464 ||| SHOPLISTING wand of roots (5) (168 gold, have 74).
  2531 | D:4      | 2531 ||| RETREEEEATING.
  2533 | D:4      | 2533 ||| RETREEEEATING.
  2534 | D:4      | 2534 ||| RETREEEEATING.
  2535 | D:4      | 2535 ||| RETREEEEATING.
  2542 | D:4      | Reached skill level 5 in Ranged Weapons
  2542 | D:4      | Reached XP level 6. HP: 47/50 MP: 0/0
  2553 | D:4      | Reached skill level 1 in Armour
  2768 | D:4      | Noticed an orc warrior
  2778 | D:4      | HP: 10/50 [orc warrior/+0 long sword of flaming (12)]
  2779 | D:4      | 2779 ||| READING scroll of teleportation.
  2779 | D:4      | HP: 3/50 [orc warrior/+0 long sword of flaming (7)]
  2780 | D:4      | 2780 ||| DRINKING potion of heal wounds.
  2913 | D:4      | Found a staircase to the Ecumenical Temple.
  2914 | D:4      | 2914 ||| PLANNING TEMPLE
  2914 | D:4      | 2914 ||| READING scroll of identify.
  2914 | D:4      | 2914 ||| IDENTIFYING scroll labelled UFRUSEPL SIRPH
  2915 | D:4      | 2915 ||| READING scroll of enchant weapon.
  2915 | D:4      | 2915 ||| ENCHANTING +0 shortbow.
  2920 | Temple   | Entered the Ecumenical Temple
  2921 | Temple   | 2921 ||| PLANNING D:1-11
  2960 | D:4      | Noticed Natasha
  2968 | D:4      | Killed Natasha
  3003 | D:4      | Noticed Natasha
  3012 | D:4      | Killed Natasha
  3018 | D:4      | Noticed an ogre
  3025 | D:4      | HP: 12/51 [ogre/+0 giant club (17)]
  3027 | D:4      | Slain by an ogre

Levels and vault maps discovered:
D:1:      wander_arrival_desolate, layout_basic,
          hellmonk_ecumenical_altar_run_dry, nicolae_twisty_statue_hallways
D:2:      layout_basic, basic_altar, guppyfry_early_lair_pool, uniq_robin
D:3:      layout_basic
D:4:      layout_gridville, nzn_overflow_gifts_of_might_and_magic,
          minmay_temple_entry_wispy, solitary_fountain, nicolae_stop_n_shop_2,
          cheibrodos_gnoll_hut, uniq_natasha
Temple:   nicolae_temple_ecumenical_triangle

Skill      XL: |  1  2  3  4  5  6 |
---------------+-------------------+-----
Ranged Weapons | 4 5 |  5.0
Fighting       | 3 4 |  4.0
Dodging        | 3 |  3.0
Armour         | 1 |  1.4
Stealth        | |  0.7

Action                     |  1- 3 |  4- 6 || total
---------------------------+-------+-------++-------
   Fire: Shortbow          |    80 |   186 ||   266
    Use: Scroll            |     4 |     5 ||     9
         Potion            |     3 |     1 ||     4
 Armour: Leather armour    |    14 |    51 ||    65
  Dodge: Dodged            |    25 |    83 ||   108

Table legend:
 A = Non-vault XP
 B = Vault XP
 C = Vault XP percentage of total XP
 D = Non-vault monster count
 E = Vault monster count
 F = Vault count percentage of total count
                 A         B        C        D         E       F
            +---------+---------+-------+---------+---------+-------
      Total |     272 |     177 |  39.4 |      57 |      17 |  23.0
            +---------+---------+-------+---------+---------+-------
        D:1 |      64 |       0 |   0.0 |      23 |       0 |   0.0
        D:2 |      55 |      40 |  42.1 |      17 |      13 |  43.3
        D:3 |      69 |       0 |   0.0 |      12 |       0 |   0.0
        D:4 |      84 |     137 |  62.0 |       5 |       4 |  44.4
            +---------+---------+-------+---------+---------+-------
